 BcadrenCrawl: Boulder Brew version 0.05.4-26-g64af7a5273 (webtiles) character file.

Game seed: 2115945684240519011, levelgen mode: deterministic

17168 emperorscorpion the Protected (level 12, -4/94 HPs) Minotaur Demonspawn. Began on Dec 21, 2021. Was a Believer of Hepliaklqana. Slain by a death yak (18 damage) ... on level 3 of the Lair of Beasts. The game lasted 00:59:21 (9820 turns).

emperorscorpion the Protected (Minotaur Demonspawn) Turns: 9820, Time: 00:59:21

Health: -4/94      AC: 15    Str: 25    XL:     12 ^: 13507
Magic:  0/13       EV: 10    Int: 14    God:    Hepliaklqana [2* [72]]
Gold:   289        SH:  0    Dex: 14    Spells: 12/13 levels left

rFire    + . .     Vision   .   W - +10 war axe of Termination {chop, +Blink rElec, (Curse: rC-)} (curse)
rCold    . . .     Gourm    .   B - lantern of shadows
rNeg     . . .     Faith    .   i - +0 plate armour
rCorr    . . .     Spirit   +   (helmet restricted)
rPois    .         Reflect  .   R - scarf {rC+ rF+}
rElec    +         Harm     .   (no gloves)
MR       +....                  (boots unavailable)
Stlth    ..........             g - amulet of guardian spirit
HPRegen  0.41/turn              J - ring of protection from magic
MPRegen  0.23/turn              O - ring of Shadows {Umbra +Inv Stlth+}

@: mighty, wreathed by umbra, studying Dodging
A: reduced essence, horns, retaliatory headbutt 2, demonic guardian 1, powered
by pain 1, INT +5, frog legs 2
a: Hop, Recall Ancestor, Ancestor Identity, Renounce Religion, Evoke Blink,
Evoke Invisibility


You were on level 3 of the Lair of Beasts.
You worshipped Hepliaklqana.
Hepliaklqana was pleased with you.
You were not hungry.

You visited 3 branches of the dungeon, and saw 9 of its levels.

You collected 497 gold pieces.
You spent 208 gold pieces at shops.

Inventory:

Weapons
 a - the +8 hatchet "Suji" {vamp, rC+}
   (You found it on level 2 of the Lair of Beasts)

   It inflicts no extra harm, but heals its wielder when it wounds a living foe.
   It protects you from cold.
 b - a +0 hand crossbow
 f - a +0 club
 h - a +0 mace
 m - a +1 dire flail of protection
 v - a +0 morningstar
 T - a cursed +4 flail of caustic ooze {(Curse: rC-)}
 W - the cursed +10 war axe of Termination (weapon) {chop, +Blink rElec, (Curse: rC-)}
   (You found it on level 3 of the Lair of Beasts)

   It inflicts extra damage upon your enemies.
   It insulates you from electricity.
   It lets you blink.
   It has a curse placed upon it.
   { (Curse: rC-)}
Armour
 i - a +0 plate armour (worn)
 u - a +0 leather armour
 I - a +0 cloak
 K - the +1 leather armour "Uschizud" {Int+4}
   (You found it on level 5 of the Dungeon)

   It affects your intelligence (+4).
 R - a scarf of resistance (worn)
Magical Staves
 q - a -1 staff of fire
Jewellery
 g - an amulet of guardian spirit (around neck)
 l - an uncursed amulet of magic regeneration
 s - an uncursed ring of ice
 G - an uncursed ring of fire
 J - a ring of protection from magic (left hand)
 L - an uncursed ring of wizardry
 O - the ring of Shadows (right hand) {Umbra +Inv Stlth+}
   (You took it off a kobold on level 5 of the Dungeon)

   [ring of stealth]

   It lets you turn invisible.
   It makes you more stealthy.
 P - an uncursed ring of intelligence
Wands
 w - a wand of scattershot
 D - a wand of enslavement (8)
 E - a wand of flame
 F - a wand of polymorph
 M - a wand of acid
 V - a wand of hasting (6)
Scrolls
 e - 3 scrolls of enchantment
 j - 3 scrolls of teleportation
 n - 3 scrolls of magic mapping
 t - 2 scrolls of fear
 x - a scroll of fog
 y - a scroll of bless item
 A - 2 scrolls of immolation
 N - a scroll of blinking
Potions
 c - 2 potions of berserk rage
 k - 9 potions of curing
 o - 2 potions of mutation
 p - 5 potions of heal wounds
 r - a potion of cure mutation
 z - a potion of might
 C - 2 potions of haste
 H - 2 potions of agility
 Q - a potion of ambrosia
 S - a potion of magic
 U - 2 potions of brilliance
 X - a potion of invisibility
Miscellaneous
 B - a lantern of shadows (shield)
Comestibles
 d - 14 rations


   Skills:
 + Level 9.4 Fighting
 + Level 3.6 Axes & Hammers
 - Level 9.2(11.0) Whips & Flails
 + Level 9.8(11.2) Maces & Staves
 - Level 3.2 Crossbows
 + Level 11.8 Armour
 + Level 4.9 Dodging
 + Level 3.1 Stealth
 + Level 3.1 Unarmed Combat
 + Level 1.1 Spellcasting
 + Level 1.5 Fire Magic
 + Level 2.6 Invocations
 + Level 2.0 Evocations


You had 12 spell levels left.
You knew the following spells:

 Your Spells              Type           Power        Failure   Level  Hunger
a - Flame Tongue          Fire           1 (30)       83%         1    25-45

Your spell library contained the following spells:

 Spells                   Type           Power        Failure   Level  Hunger
 Foxfire Fire 1 (25) 83% 1 25-45 Searing Ray Fire 1 (50) 92% 2 65-105 Slow Hex 0 (100) 96% 1 25-45 Blink Tloc N/A 99% 2 65-105 Call Imp Summ 0 (100) 99% 2 65-105 Conjure Flame Fire 1 (100) 99% 3 105-165 Inner Flame Hex/Fire 0 (100) 99% 3 105-165 Mephitic Cloud Pois/Air 0 (100) 100% 3 105-165 Cause Fear Hex 0 (200) 100% 4 185-285 Sticky Flame Fire/Pois 0 (100) 100% 4 185-285 Fireball Fire 1 (200) 100% 5 305-465 Silence Hex/Air 0 (200) 100% 5 305-465 Yara's Violent Unravell Hex/Tmut 0 (200) 100% 5 305-465 Deflect Missiles Chrm/Air 0 (200) 100% 6 425-645 Discord Hex            0 (200)      100%        8    665-1005


Dungeon Overview and Level Annotations

Branches:
Dungeon (5/8)              Temple (1/1) D:4            Lair (3/6) D:5
 Shoals (0/4) Lair:3        Snake (0/4) Lair:3

Altars:
Ashenzari
Cheibriados
Dithmenos
Elyvilon
Gozag Ym Sagoz
Hepliaklqana
Kikubaaqudgha
Makhleb
Nemelex Xobeh
Okawaru
Ru
Sif Muna
Trog
Vehumet
Wu Jian
Xom
Yredelemnul
Zin
The Shining One

Shops:
D:2 !   D:5 !

Annotations:
Lair:3 Fannar


Innate Abilities, Weirdness & Mutations

You reflexively attack those that strike you in melee with your horns.
A weak demonic guardian rushes to your aid.
You sometimes gain a little power by taking damage.
Your frog legs can swim and hop long distances.
Your life essence is reduced to manifest your ancestor. (-10% HP)
You are extremely clever. (INT +5)


Message History

Your shadow imp barely misses the death yak (0).
Your shadow strikes at the death yak from the darkness!
The death yak closely misses your shadow (0).
Your shadow hits the death yak (0).
The death yak gores your shadow imp (20)!!
Your shadow imp dies!
The death yak gores you (5).
* * * LOW HITPOINT WARNING * * *
The death yak blocks your shadow's attack.
You hit the death yak (5).
The death yak is heavily wounded. (35/84) HP The death yak gores your shadow (20)!!
Your shadow is destroyed!
The death yak gores Msizi (5).
The death yak gores you (17)!
* * * LOW HITPOINT WARNING * * *
Your shadow slips into darkness.
Your shadow flickers and vanishes for a moment.
The death yak barely misses your shadow (0).
The death yak gores you (22)!!
You die...

........≈.........### ###...
....≈≈≈≈≈≈≈≈...#### ###..
.....≈≈≈≈≈≈≈≈..# ##....
...≈≈≈≈≈≈≈≈≈≈.P# #P....
^..≈≈≈≈≈..≈≈≈≈W# #...##
...≈≈≈≈≈>≈≈≈≈≈##### #?...#
....≈≈≈≈≈≈≈≈≈≈≈##.# ##..##
....≈≈≈≈≈≈≈≈≈.P.RY####### ##...##
....≈≈≈≈≈≈≈≈≈...@.WY##..###......
.....≈≈≈≈≈≈.....##Y.......#..÷.#R
.†)...≈≈≈≈......###.........P####
............#...# #######...5)###
.............#..# #...W.Y#W
......b.........# ###..eP)..Y
..<...........##.# ###P.......S.
..............##.####.....#P.YP)#
.............###...P.....###..###


You could see the friendly Msizi the hexer, 3 death yaks and a friendly shadow
(invisible).

Vanquished Creatures
  A hydra (Lair:2)
  Pikel (D:3)
  3 spiny frogs
  3 giraffes
  2 komodo dragons (Lair:2)
  A hornet (D:5)
  Prince Ribbit (D:4)
  A vampire (D:5)
  3 yaks
  Eustachio (D:3)
  2 war dogs (D:4)
  A basilisk (Lair:1)
  A hydra skeleton (Lair:3)
  A guardian mummy (Lair:1)
  2 wargs (D:5)
  3 bone scorpions (Lair:1)
  A phantom (D:4)
  A scorpion (D:3)
  8 water moccasins
  6 porcupines
  A sky beast (D:5)
  5 wolves
  2 crocodiles
  5 big kobolds
  Blork the orc (D:3)
  8 bullfrogs
  A centaur (D:5)
  A howler monkey (D:5)
  An electric eel (Lair:3)
  2 crimson imps (D:4)
  7 jellies
  A blink frog skeleton (Lair:3)
  3 orc priests
  A hound (D:5)
  4 orc wizards
  2 iguanas (D:4)
  2 worker ants (D:3)
  A water moccasin skeleton (Lair:3)
  12 giant cockroaches
  9 adders
  4 gnolls (D:4)
  13 sewer rats (D:2)
  A white imp (D:4)
  12 cinder newts
  5 worms (D:2)
  5 oozes (D:2)
  2 dart slugs
  4 leopard geckos
  13 orcs
  2 adder skeletons (D:2)
  2 adder zombies (D:5)
  4 ball pythons
  3 hobgoblins (D:1)
  6 jackals
  14 kobolds
  3 quokkas
  7 bats
  A bat skeleton (D:2)
  A goblin (D:1)
  2 hobgoblin skeletons (D:2)
  A quokka skeleton (D:2)
  7 rats (D:1)
  A rat skeleton (D:2)
  A butterfly (D:5)
  A slave (D:3)
  A withered plant (D:2)
228 creatures vanquished.

Vanquished Creatures (collateral kills)
  2 death yaks (Lair:3)
  2 black mambas
  2 spiny frogs
  9 giraffes
  A rime drake (Lair:2)
  2 komodo dragons
  A hornet (D:5)
  3 blink frogs (Lair:2)
  Grum (D:4)
  2 war dogs
  6 yaks
  A slime creature (D:2)
  A hungry ghost (D:5)
  A guardian mummy (Lair:1)
  2 orc warriors (D:5)
  Edmund (D:2)
  2 scorpions
  5 water moccasins
  5 porcupines
  A sky beast (D:5)
  A black bear (Lair:1)
  An ogre (D:5)
  3 wolves
  6 crocodiles
  4 big kobolds
  5 bullfrogs
  2 swooping magpie skeletons (Lair:3)
  3 centaurs
  A wight (D:5)
  2 orc priests
  A jelly (D:2)
  2 orc wizards (D:5)
  4 worker ants
  2 bullfrog zombies
  A bullfrog skeleton (D:5)
  5 adders
  3 gnolls (D:4)
  A hound zombie (D:5)
  7 orcs
  An adder skeleton (D:5)
  2 adder zombies (D:5)
  2 jackals (D:5)
  A ball python (Lair:3)
  A goblin skeleton (D:2)
  21 kobolds
  2 plants
  A slave (D:3)
  A withered plant (D:2)
136 creatures vanquished.

Vanquished Creatures (others)
  2 centaurs (Lair:3)
  A giant cockroach (D:2)
  An adder (D:2)
  A sewer rat (D:2)
  A kobold (D:2)
  An orc skeleton (D:2)
  7 ancestors
  6 butterflies (Lair:3)
  6 fungi
  4 giant blowflies (Lair:3)
  2 hexers (Lair:3)
  14 plants
  2 slimeheads (D:2)
  147 withered plants (D:2)
195 creatures vanquished.

Grand Total: 559 creatures vanquished

Notes
Turn   | Place    | Note
-------+----------+-------------------------------------------
     0 | D:1      | emperorscorpion the Minotaur Demonspawn began the quest for
                  | the Orb.
     0 | D:1      | Reached XP level 1. HP: 16/16 MP: 1/1
     9 | D:1      | Gained mutation: A weak demonic guardian rushes to your
                  | aid. [demonic ancestry]
     9 | D:1      | Reached XP level 2. HP: 22/23 MP: 3/3
   111 | D:1      | Reached XP level 3. HP: 28/28 MP: 4/4
   847 | D:2      | Reached XP level 4. HP: 33/36 MP: 2/5
   873 | D:2      | Reached skill level 1 in Armour
   948 | D:2      | Reached XP level 5. HP: 38/41 MP: 6/6
  1122 | D:2      | Found Siabb's Distillery.
  1128 | D:2      | Bought a potion of curing for 39 gold pieces
  1161 | D:2      | Reached skill level 2 in Armour
  1205 | D:2      | Found a radiant altar of Vehumet.
  1249 | D:2      | Reached skill level 5 in Maces & Staves
  1249 | D:2      | Reached XP level 6. HP: 46/48 MP: 7/7
  1259 | D:2      | Noticed Edmund
  1269 | D:2      | Killed Edmund
  1271 | D:2      | Reached skill level 3 in Armour
  1423 | D:2      | Reached XP level 7. HP: 39/57 MP: 8/8
  1707 | D:2      | Reached skill level 4 in Armour
  1708 | D:2      | Found a shimmering blue altar of Sif Muna.
  2049 | D:2      | Reached XP level 8. HP: 62/64 MP: 9/9
  2246 | D:2      | Found a white marble altar of Elyvilon.
  2617 | D:3      | Reached skill level 5 in Armour
  2674 | D:3      | Noticed Eustachio
  2688 | D:3      | Killed Eustachio
  2688 | D:3      | Reached skill level 1 in Crossbows
  2819 | D:3      | Noticed Blork the orc
  2821 | D:3      | Reached skill level 5 in Fighting
  2827 | D:3      | Killed Blork the orc
  2860 | D:3      | Reached XP level 9. HP: 72/74 MP: 10/10
  2955 | D:3      | Identified a scroll of acquirement
  2964 | D:3      | Identified the +0 pair of boots of the Pit {Int+4} (You
                  | acquired it on level 3 of the Dungeon)
  3136 | D:4      | Found a staircase to the Ecumenical Temple.
  3152 | Temple   | Entered the Ecumenical Temple
  3434 | Temple   | Became a worshipper of Hepliaklqana the Forgotten
  3508 | D:4      | Noticed Prince Ribbit
  3540 | D:3      | HP: 3/66 [slave[Pikel] (6)]
  3737 | D:4      | Identified the cursed amulet "Liem" {-Vis Str+2, (Curse:
                  | Fragile rC-)}
  3737 | D:4      | Noticed Grum
  3746 | D:4      | Killed Grum
  3758 | D:4      | Reached skill level 6 in Armour
  3763 | D:4      | Reached skill level 1 in Whips & Flails
  3941 | D:4      | Noticed Pikel
  4007 | D:4      | Found a sacrificial altar of Ru.
  4021 | D:3      | Killed Pikel
  4021 | D:3      | Reached skill level 7 in Armour
  4021 | D:3      | Reached skill level 1 in Unarmed Combat
  4049 | D:4      | Killed Prince Ribbit
  4352 | D:5      | Entered Level 5 of the Dungeon
  4421 | D:5      | Gained mutation: Your frog legs can swim and hop short
                  | distances. [demonic ancestry]
  4421 | D:5      | Reached XP level 10. HP: 73/75 MP: 11/11
  4715 | D:5      | Reached skill level 5 in Whips & Flails
  4733 | D:5      | Reached skill level 8 in Armour
  4808 | D:5      | Identified the +1 leather armour "Uschizud" {Int+4}
  5005 | D:5      | Found a staircase to the Lair.
  5113 | D:5      | Reached * piety under Hepliaklqana
  5157 | D:5      | Found an opulent altar of Gozag.
  5184 | D:5      | Found an iron altar of Okawaru.
  5325 | D:5      | Noticed a tengu warrior
  5357 | D:5      | Found Osoguej's Distillery.
  5581 | D:5      | Bought a potion of heal wounds for 65 gold pieces
  5581 | D:5      | Bought a potion of curing for 39 gold pieces
  5581 | D:5      | Bought a potion of heal wounds for 65 gold pieces
  5633 | Lair:1   | Entered Level 1 of the Lair of Beasts
  5791 | Lair:1   | Reached skill level 1 in Evocations
  5944 | Lair:1   | HP: 3/79 [poisoned by a spiny frog (venomous spines)]
  5950 | Lair:1   | HP: 3/79 [poisoned by a spiny frog (venomous spines)]
  5956 | Lair:1   | HP: 3/79 [poisoned by a spiny frog (venomous spines)]
  6197 | Lair:1   | Reached skill level 9 in Armour
  6197 | Lair:1   | Gained mutation: You sometimes gain a little power by
                  | taking damage. [demonic ancestry]
  6197 | Lair:1   | Reached XP level 11. HP: 82/84 MP: 12/12
  6227 | Lair:1   | Found a hazy altar of Hepliaklqana.
  6846 | Lair:2   | Noticed a seven-headed hydra
  7133 | Lair:2   | Reached skill level 10 in Armour
  7259 | Lair:2   | Identified the +8 hatchet "Suji" {vamp, rC+}
  7262 | Lair:2   | Reached ** piety under Hepliaklqana
  7263 | Lair:2   | Remembered your ancestor Msizi as a hexer
  7289 | Lair:2   | Killed a seven-headed hydra
  7296 | Lair:2   | HP: 3/85 [spiny frog (11)]
  7781 | Lair:2   | Reached skill level 11 in Armour
  8203 | Lair:3   | Connectivity tunneler affected ossuary_due_mausoleum.
  8227 | Lair:3   | Found a staircase to the Snake Pit.
  8318 | Lair:3   | HP: 2/87 [wolf (9)]
  8763 | Lair:3   | Reached skill level 1 in Axes & Hammers
  8767 | Lair:3   | Gained mutation: Your frog legs can swim and hop long
                  | distances. [demonic ancestry]
  8767 | Lair:3   | Reached XP level 12. HP: 90/93 MP: 13/13
  8926 | Lair:3   | Noticed Fannar
  9487 | Lair:3   | Identified the cursed +10 war axe of Termination {chop,
                  | +Blink rElec, (Curse: rC-)}
  9514 | Lair:3   | Found a staircase to the Shoals.
  9820 | Lair:3   | Slain by a death yak

Levels and vault maps discovered:
D:1:      dpeg_arrival_tiny_c, layout_loops_corners
D:2:      layout_sewer, kennysheep_mini_moat, overflow_temple_1_default,
          elyvilon_niche, first_ration, serial_shops, shop,
          minmay_misc_feat_iff, uniq_edmund
D:3:      layout_rooms, uniq_eustachio, uniq_blork_the_orc
D:4:      layout_rooms, nicolae_ru_awakened_eye, minmay_temple_entry_offerings,
          uniq_grum, uniq_pikel, uniq_prince_ribbit1
D:5:      layout_stronghold, okawaru_metal_pillars_1_2, lemuel_round_altar,
          erik_lair_orcish_takeover, serial_shops, shop_statue,
          grunt_tengu_nest, chequers_serial_rivers_small_3
Temple:   minmay_temple_curvy_branch
Lair:1:   layout_misc_corridors, basic_altar, chequers_ossuary_entry_cave
Lair:2:   layout_small_grid
Lair:3:   layout_cave_shapes, minmay_shoals_entry_centaurs,
          minmay_snake_entry_six_corridors, ossuary_due_mausoleum,
          serial_bayou_shore_b, infiniplex_staircase_pool_2,
          serial_bayou_shore_b, uniq_fannar

Skill      XL: |  1  2  3  4  5  6  7  8  9 10 11 12 |
---------------+-------------------------------------+-----
Dodging        | 4 |  4.9
Maces & Staves | 3 5 6 7 9 |  9.8
Armour         | 1 2 3 4 5 7 9 11 | 11.8
Stealth        | 2 3 |  3.1
Fighting       | 2 3 5 6 7 9 |  9.4
Crossbows      | 2 3 |  3.2
Whips & Flails | 3 7 9 |  9.2
Unarmed Combat | 2 3 |  3.1
Evocations     | 1 2 |  2.0
Axes & Hammers | 1 3 |  3.6
Spellcasting   | |  1.1
Fire Magic     | |  1.5
Invocations    | |  2.6

Action                   |  1- 3 |  4- 6 |  7- 9 | 10-12 || total
-------------------------+-------+-------+-------+-------++-------
Melee: Morningstar       |    36 |    72 |   132 |       ||   240
       Unarmed           |     8 |       |    32 |       ||    40
       Headbutt          |     6 |    14 |    42 |    52 ||   114
       Mace              |     9 |    59 |    98 |       ||   166
       Club              |     1 |       |       |       ||     1
       Flail             |       |       |    73 |   217 ||   290
       Hatchet           |       |       |       |    99 ||    99
       War axe           |       |       |       |    15 ||    15
 Fire: Hand crossbow     |       |       |    44 |    15 ||    59
Invok: Ancestor Identity |       |       |     1 |     1 ||     2
       Ancestor Life: He |       |       |       |     1 ||     1
 Abil: Evoke Invisibilit |       |       |       |     1 ||     1
Evoke: Wand              |       |       |     2 |    23 ||    25
  Use: Potion            |     1 |     1 |       |     2 ||     4
       Scroll            |       |       |     3 |     1 ||     4
 Stab: Sleeping          |     1 |       |       |       ||     1
       Distracted        |       |       |     1 |     4 ||     5
       Confused          |       |       |       |     3 ||     3
  Eat: Chunk             |       |     2 |    11 |    14 ||    27
       Ration            |       |       |       |     3 ||     3
Armor: Leather armour    |    14 |       |       |       ||    14
       Plate armour      |    20 |    43 |   187 |   353 ||   603
       Skin              |       |       |     3 |       ||     3
Dodge: Dodged            |    12 |    20 |    65 |   163 ||   260
